 Dungeon Crawl Stone Soup version 0.30.1-11-g7821555f0a (webtiles) character file.

Game seed: 6987850971780081996

121 Eitelfritz the Poker (level 5, -1/39 HPs)
             Began as a Merfolk Gladiator on Jan 5, 2024.
             Engulfed by a steam dragon's steam (8 damage)
             ... on level 6 of the Dungeon.
             The game lasted 00:06:26 (2013 turns).

Eitelfritz the Poker (Merfolk Gladiator)            Turns: 2013, Time: 00:06:27

Health: -1/39      AC:  5    Str: 20    XL:     5   Next: 5%
Magic:  5/5        EV: 13    Int:  9    God:
Gold:   72         SH:  0    Dex: 16    Spells: 4/4 levels left

rFire   . . .        a - +0 trident
rCold   . . .        (no shield)
rNeg    . . .        l - +0 leather armour
rPois   .            q - +1 helmet
rElec   .            (no cloak)
rCorr   .            (no gloves)
SInv    .            (no boots)
Will    .....        (no amulet)
Stlth   +            o - +6 ring of strength
HPRegen 0.26/turn    (no ring)
MPRegen 0.09/turn

%: no passive effects
@: no status effects
A: (nimble swimmer 2), mertail
a: no special abilities


You were on level 6 of the Dungeon.
You visited 1 branch of the dungeon, and saw 4 of its levels.

You collected 84 gold pieces.
You spent 12 gold pieces at shops.

Inventory:

Hand Weapons
 a - a +0 trident (weapon)
 b - a +0 sling
Missiles
 d - 3 throwing nets (quivered)
 e - a javelin
Armour
 l - a +0 leather armour (worn)
 q - a +1 helmet (worn)
Jewellery
 o - a +6 ring of strength (left hand)
Scrolls
 f - a scroll of immolation {unknown}
 h - a scroll of fear {unknown}
 k - a scroll of magic mapping {unknown}
 n - a scroll of teleportation {unknown}
 p - a scroll of identify {unknown}
 r - a scroll of amnesia {unknown}
Potions
 c - a potion of brilliance {unknown}
 g - a potion of flight {unknown}
 i - 3 potions of mutation {unknown}
 j - a potion of haste {unknown}
 m - a potion of resistance {unknown}


   Skills:
 + Level 2.6 Fighting
 + Level 5.9 Polearms
 + Level 2.3 Throwing
 + Level 1.0 Armour
 + Level 4.6 Dodging
 + Level 0.5 Stealth


You had 4 spell levels left.
You didn't know any spells.
Your spell library contained the following spells:

 Spells                   Type           Power      Damage    Failure   Level
 Sublimation of Blood     Necr           0%         N/A       58%         2
 Animate Dead             Necr           0%         N/A       99%         4
 Petrify                  Tmut/Erth      0%         N/A       99%         4
 Irradiate                Conj/Tmut      0%         3d11      100%        5
 Haunt                    Necr/Summ      0%         N/A       100%        7
 Infestation              Necr           0%         N/A       100%        8


Dungeon Overview and Level Annotations

Branches:
Dungeon (3/15)

Altars:
Qazlal
Sif Muna

Shops:
D:1 [[=!!


Innate Abilities, Weirdness & Mutations

((You are very nimble when in or above water. (Stealth+, EV+, Speed+++)))
Your lower body shifts to a powerful aquatic tail in water.


Message History

i - 3 pink potions (gained 1)
An endoplasm comes into view.
Found a There-And-Back Book and 3 poisoned darts.
An endoplasm is nearby!
The endoplasm freezes you.
You are frozen.
You puncture the endoplasm!
You kill the endoplasm!
Your Armour skill increases to level 1!
An endoplasm comes into view.
An endoplasm is nearby!
A sourceless malevolence fills the Dungeon...
You fall into a shaft and drop 3 floors!
The shaft crumbles and collapses.
HP restored.
A steam dragon comes into view.
Found 2 poisoned darts.
The steam dragon hisses angrily.
The steam dragon breathes steam at you. The ball of steam hits you!
The steam dragon moves out of view.
Unknown command.
The steam dragon breathes steam at you. The ball of steam misses you.
The steam dragon breathes steam at you. The ball of steam hits you!
The steam dragon breathes steam at you. The ball of steam hits you!
* * * LOW HITPOINT WARNING * * *
You are engulfed in a cloud of scalding steam.
Found 6 gold pieces.
The steam dragon breathes steam at you. The ball of steam misses you.
You now have 72 gold pieces (gained 6).
Found a stone staircase leading down.
Found 9 gold pieces.
The steam dragon breathes steam at you. The ball of steam hits you.
* * * LOW HITPOINT WARNING * * *
You are engulfed in a cloud of scalding steam.
You die...

#.################.#
#....D........D....#
#.################D#
.§.....# #.# #.####.#
#.# #.# ###########.#
.D# #.§§..§D§D..#
...###.#.###########.#
§.........D..§§§@.>$.#
...#.#.###########.###
#...D#. .. ##.# . ##
(#.#. #. #


There were no monsters in sight!

Vanquished Creatures
  Robin (D:2)
  A gnoll (D:1)
  4 adders (D:2)
  A worm (D:2)
  6 endoplasms
  7 giant cockroaches
  12 goblins
  6 hobgoblins
  4 jackals (D:2)
  2 quokkas (D:1)
  2 ball pythons (D:1)
  2 bats
  4 kobolds
  3 rats
55 creatures vanquished.

Notes
Turn   | Place    | Note
-------+----------+-------------------------------------------
     0 | D:1      | Eitelfritz the Merfolk Gladiator began the quest for the
                  | Orb.
     0 | D:1      | Reached XP level 1. HP: 16/16 MP: 1/1
    74 | D:1      | Reached XP level 2. HP: 15/22 MP: 2/2
   105 | D:1      | Found Boicem's Armour Boutique.
   241 | D:1      | Found Uhohiug's Distillery.
   247 | D:1      | Found Tigeedimn's Jewellery Shop.
   274 | D:1      | Reached XP level 3. HP: 27/27 MP: 3/3
   371 | D:1      | Found Zuqovvoa's Antique Armour Boutique.
   411 | D:1      | Found Lageak's Distillery.
   758 | D:1      | Bought a potion of degeneration for 12 gold pieces
   857 | D:2      | Reached skill level 5 in Polearms
  1069 | D:2      | Found a shimmering blue altar of Sif Muna.
  1249 | D:2      | Reached XP level 4. HP: 34/34 MP: 4/4
  1499 | D:3      | Noticed a sky beast
  1499 | D:3      | Found a stormy altar of Qazlal.
  1661 | D:3      | Noticed Robin
  1677 | D:2      | Killed Robin
  1765 | D:2      | Reached XP level 5. HP: 15/39 MP: 5/5
  1871 | D:3      | Found a faded altar of an unknown god.
  1954 | D:3      | Reached skill level 1 in Armour
  1957 | D:3      | You fall into a shaft and drop 3 floors!
  1967 | D:6      | Noticed a steam dragon
  2013 | D:6      | Engulfed by a steam dragon's steam

Illustrated notes

Levels and vault maps discovered:
D:1:      shiori_shiawase, layout_basic, serial_shops, nicolae_shop_crystal,
          nicolae_shop_industrial_runoff, shop, shop_statue, shop,
          minmay_worlds_worst_comb
D:2:      layout_basic, basic_altar
D:3:      layout_rooms, nicolae_qazlal_beasts_of_the_sky,
          ebering_ecumenical_altar_petrified, serial_shops,
          nicolae_shop_drivethru, minmay_stone_trees_small, uniq_natasha,
          uniq_robin, uniq_terence
D:6:      layout_basic, zin_scriptorium, trog_book

Skill      XL: |  1  2  3  4  5 |
---------------+----------------+-----
Polearms       | 5 |  5.9
Armour         | 1 |  1.0
Fighting       | |  2.6
Throwing       | |  2.3
Dodging        | |  4.6
Stealth        | |  0.5

Action                     |  1- 3 |  4- 6 || total
---------------------------+-------+-------++-------
  Melee: Trident           |    88 |    88 ||   176
         Punch             |     1 |       ||     1
   Stab: Sleeping          |     1 |     1 ||     2
 Armour: Leather armour    |    17 |    45 ||    62
  Dodge: Dodged            |    50 |    79 ||   129
